 Dungeon Crawl Stone Soup version 0.19-a0-1007-g133f65f (webtiles) character file.

5133 mistymad the Fighter (level 10, -5/85 HPs)
             Began as a Formicid Abyssal Knight on July 19, 2016.
             Was a High Priest of Lugonu.
             Slain by an ice devil (6 damage)
             ... on level 11 of the Dungeon.
             The game lasted 00:22:09 (10999 turns).

mistymad the Fighter (Formicid Abyssal Knight)     Turns: 10999, Time: 00:22:09

Health: -5/85      AC: 14    Str: 21    XL:     10   Next: 88%
Magic:  0/13       EV:  8    Int: 13    God:    Lugonu [*****.]
Gold:   725        SH:  0    Dex: 10    Spells: 0 memorised, 9 levels left

rFire  + . .     SeeInvis +     n - +2 war axe (freeze)
rCold  + + .     Gourm    .     E - +2 chain mail of Ihalaul {rC+ Regen+ Int+2 Slay+3}
rNeg   + . .     Faith    .     (no shield)
rPois  +         Spirit   +     (helmet unavailable)
rElec  +         Dismiss  .     b - +0 cloak
rCorr  +         Reflect  .     (no gloves)
SustAt .         Harm     .     (no boots)
MR     +....                    o - amulet of guardian spirit
Stlth  ..........               C - ring of poison resistance
                                m - ring of positive energy

@: resistant, somewhat resistant to hostile enchantments, extremely unstealthy
A: permanent stasis, dig shafts and tunnels, four strong arms, antennae 3
a: Dig, Shaft Self, Depart the Abyss, Bend Space, Banish, Corrupt, Enter the
Abyss, Renounce Religion


You were on level 11 of the Dungeon.
You worshipped Lugonu.
Lugonu was extremely pleased with you.
You were hungry.

You visited 2 branches of the dungeon, and saw 12 of its levels.
You visited the Abyss 1 time.

You collected 725 gold pieces.

Inventory:

Hand Weapons
 h - a +2 flail of crushing
 n - a +2 war axe of freezing (weapon)
Armour
 b - a +0 cloak (worn)
 E - the +2 chain mail of Ihalaul (worn) {rC+ Regen+ Int+2 Slay+3}
   (You acquired it on level 11 of the Dungeon)

   It affects your intelligence (+2).
   It affects your accuracy and damage with ranged weapons and melee attacks
   (+3).
   It protects you from cold.
   It increases your rate of regeneration.
Jewellery
 j - an uncursed ring of flight
 m - a ring of positive energy (left hand)
 o - an amulet of guardian spirit (around neck)
 u - an uncursed ring of positive energy
 w - an uncursed ring of fire
 x - an uncursed amulet of regeneration {unknown}
 C - a ring of poison resistance (right hand)
Wands
 a - a wand of lightning (6/15)
 y - a wand of iceblast (11/15)
 D - a wand of teleportation (6/9)
 G - a wand of flame (38/48)
Scrolls
 i - a scroll of recharging
 k - 2 scrolls of enchant weapon
 p - 4 scrolls of remove curse
 t - a scroll of amnesia
 A - 2 scrolls of fear
 F - a scroll of identify
Potions
 e - a potion of experience {unknown}
 l - 3 potions of curing
 q - a potion of might {unknown}
 r - a potion of beneficial mutation {unknown}
 s - 2 potions of agility {unknown}
 z - a potion of degeneration {unknown}
Comestibles
 c - 5 bread rations
 d - 2 royal jellies
 g - 7 meat rations
 v - 11 slices of pizza
 B - a beef jerky


   Skills:
 + Level 10.0 Fighting
 + Level 9.1 Axes
 + Level 9.6 Armour
 - Level 0.8 Dodging
 + Level 4.4 Invocations


You had 9 spell levels left.
You didn't know any spells.

Dungeon Overview and Level Annotations

Branches:
Dungeon (11/15)            Temple (1/1) D:6
   Lair: D:8-11         Orc: D:9-12

Altars:
Ashenzari
Cheibriados
Dithmenos
Elyvilon
Fedhas
Gozag
Hepliaklqana
Kikubaaqudgha
Makhleb
Nemelex Xobeh
Okawaru
Pakellas
Qazlal
Ru
Sif Muna
Trog
Uskayaw
Vehumet
Xom
Yredelemnul
Zin
The Shining One

Portals:
Ice
Cave: D:11


Innate Abilities, Weirdness & Mutations

You are under a permanent stasis effect.
You can dig through walls and to a lower floor.
Your four strong arms can wield two-handed weapons with a shield.
You have a pair of large antennae on your head. (SInv)


Message History

* * * LOW HITPOINT WARNING * * *
The ice devil freezes you. You resist.
* * * LOW HITPOINT WARNING * * *
You take 7 damage, and have 15/85 hp.
You now have 2/13 mp.
You feel better. The ice devil hits you!
* * * LOW HITPOINT WARNING * * *
The ice devil freezes you! You resist.
* * * LOW HITPOINT WARNING * * *
The ice devil hits you but does no damage.
You take 2 damage, and have 13/85 hp.
You now have 1/13 mp.
It was a potion of resistance.
You feel protected. The ice devil hits you.
* * * LOW HITPOINT WARNING * * *
The ice devil freezes you. You resist.
* * * LOW HITPOINT WARNING * * *
The ice devil hits you.
* * * LOW HITPOINT WARNING * * *
The ice devil freezes you. You resist.
You die...

###### #
#....#
+.##....#
.....∩#### {
#....##.#
#..44##.#
#@##.# ##.#.#
##..# #..#
#..#
###########..#
.)...........#
.............#
######.####.#


You could see 2 ice devils.

Vanquished Creatures
  Erica (D:9)
  Pikel (D:8)
  A wyvern (D:10)
  A steam dragon (D:9)
  2 hippogriffs
  A hungry ghost (D:7)
  Eustachio (D:5)
  Edmund (D:5)
  3 black bears
  3 slaves (D:8)
  An orc warrior (D:8)
  An ice beast (D:6)
  A sky beast (D:6)
  A phantom (D:4)
  A necrophage (D:9)
  3 ogres
  3 centaurs
  Blork the orc (D:5)
  5 giant frogs
  A scorpion (D:10)
  3 howler monkeys
  8 crimson imps
  2 centaur zombies
  2 jellies
  Crazy Yiuf (D:7)
  A giant frog skeleton (D:6)
  6 hounds
  A gnoll shaman (D:8)
  3 orc priests
  3 orc wizards
  Jessica (D:2)
  6 worker ants
  A hound skeleton (D:9)
  9 gnolls
  9 adders
  A shadow imp (D:6)
  An ooze (D:1)
  An adder zombie (D:8)
  A worm (D:3)
  2 dart slugs
  5 giant geckos
  37 orcs
  A ball python (D:3)
  10 giant cockroaches
  8 goblins
  10 hobgoblins
  11 jackals
  5 bats
  4 giant newts
  6 kobolds
  6 rats
198 creatures vanquished.

Notes
Turn   | Place    | Note
-------+----------+-------------------------------------------
     0 | Abyss:1  | mistymad the Formicid Abyssal Knight began the quest for the Orb.
     0 | Abyss:1  | Reached XP level 1. HP: 18/18 MP: 2/2
    31 | Abyss:1  | Noticed an ancient zyme
    35 | D:1      | Escaped the Abyss
   128 | D:1      | Reached * piety under Lugonu
   128 | D:1      | Reached XP level 2. HP: 14/24 MP: 3/3
   460 | D:1      | Reached XP level 3. HP: 25/30 MP: 4/4
  1318 | D:2      | Noticed Jessica
  1325 | D:2      | Killed Jessica
  1325 | D:2      | Reached skill level 4 in Fighting
  1325 | D:2      | Reached XP level 4. HP: 37/37 MP: 5/5
  1338 | D:2      | Found a glowing silver altar of Zin.
  1542 | D:2      | Reached ** piety under Lugonu
  1606 | D:2      | Found an iron altar of Okawaru.
  1867 | D:3      | Reached XP level 5. HP: 29/42 MP: 6/6
  3260 | D:4      | Reached XP level 6. HP: 38/49 MP: 7/7
  3341 | D:4      | Noticed a phantom
  3379 | D:4      | Killed a phantom
  3495 | D:5      | Entered Level 5 of the Dungeon
  3516 | D:5      | Reached skill level 5 in Fighting
  3564 | D:5      | Noticed Edmund
  3581 | D:5      | Reached *** piety under Lugonu
  3581 | D:5      | Reached XP level 7. HP: 44/56 MP: 8/8
  3622 | D:5      | Killed Edmund
  4224 | D:4      | Reached skill level 5 in Armour
  4438 | D:5      | Reached skill level 5 in Axes
  4906 | D:5      | Reached skill level 6 in Fighting
  4909 | D:5      | Noticed Blork the orc
  4925 | D:5      | Killed Blork the orc
  4925 | D:5      | Reached XP level 8. HP: 28/64 MP: 9/9
  5319 | D:5      | Noticed Eustachio
  5328 | D:5      | Killed Eustachio
  5520 | D:6      | Found a hide-covered altar of Uskayaw.
  5677 | D:6      | Reached skill level 7 in Fighting
  5810 | D:6      | Found a stormy altar of Qazlal.
  6213 | D:6      | Found a staircase to the Ecumenical Temple.
  6409 | Temple   | Entered the Ecumenical Temple
  6555 | D:7      | Reached XP level 9. HP: 72/72 MP: 10/10
  7005 | D:7      | Found a radiant altar of Vehumet.
  7018 | D:7      | Found a glowing golden altar of the Shining One.
  7048 | D:7      | Found a runed door.
  7274 | D:7      | Noticed Crazy Yiuf
  7276 | D:7      | Killed Crazy Yiuf
  7446 | D:8      | Identified Ytaoqel's Almanac of Companions and Air
  7560 | D:8      | Noticed Pikel
  8257 | D:8      | Reached skill level 8 in Fighting
  8262 | D:8      | Reached **** piety under Lugonu
  8312 | D:8      | Killed Pikel
  9040 | D:9      | Noticed Erica
  9054 | D:9      | Killed Erica
  9054 | D:9      | Reached skill level 9 in Fighting
  9054 | D:9      | Reached XP level 10. HP: 34/83 MP: 5/11
  9709 | D:9      | Found a shattered altar of Ashenzari.
 10004 | D:10     | Entered Level 10 of the Dungeon
 10015 | D:10     | Noticed a hill giant
 10568 | D:10     | Reached ***** piety under Lugonu
 10674 | D:10     | Reached skill level 10 in Fighting
 10928 | D:11     | Identified a scroll of acquirement
 10931 | D:11     | Got a transparent chain mail
 10942 | D:11     | Identified the +2 chain mail of Ihalaul {rC+ Regen+ Int+2 Slay+3} (You acquired it on level 11 of the Dungeon)
 10948 | D:11     | Found a shimmering altar of Xom.
 10988 | D:11     | Found a frozen archway.
 10988 | D:11     | Noticed an ice devil
 10988 | D:11     | Noticed an ice devil
 10999 | D:11     | HP: 3/85 [ice devil (5)]
 10999 | D:11     | HP: 1/85 [ice devil (2)]
 10999 | D:11     | Slain by an ice devil

Vault maps used:
D:1:      minmay_arrival_up_and_down
D:2:      zin_treasury, okawaru_altar_gauntlet_db, uniq_jessica
D:4:      mumra_celtic_spiral_tile
D:5:      first_bread, serial_bayou_ford_a, uniq_edmund, uniq_blork_the_orc,
          uniq_eustachio
D:6:      eat_drink_and_be_merry_uskayaw, grunt_qazlal_clouds, kennysheep_dice
D:7:      grunt_temple_overflow_open, uniq_crazy_yiuf_cottage
D:8:      grunt_pizzeria, uniq_pikel
D:9:      basic_altar, uniq_erica
D:10:     orc_0_dummy
D:11:     minmay_klotski, david_lair_generic, portal_ice_cave_demonic_guard,
          enter_bailey_2, basic_altar, evilmike_minifort, uniq_urug, uniq_sonja,
          uniq_maurice
Temple:   nicolae_temple_x_marks_the_god

Skill      XL: |  1  2  3  4  5  6  7  8  9 10 |
---------------+-------------------------------+-----
Armour         | 3 4 5 6 8 9 |  9.6
Fighting       | 4 5 6 7 9 10 | 10.0
Axes           | 3 4 5 6 8 9 |  9.1
Invocations    | 4 |  4.4
Dodging        | |  0.8

Action                   |  1- 3 |  4- 6 |  7- 9 | 10-12 || total
-------------------------+-------+-------+-------+-------++-------
Melee: Hand axe          |    99 |   248 |   150 |       ||   497
       War axe           |       |       |   279 |   138 ||   417
Invok: Depart the Abyss  |     1 |       |       |       ||     1
 Abil: Dig               |     1 |     3 |     2 |     1 ||     7
  Use: Scroll            |       |     8 |     2 |     7 ||    17
       Potion            |       |     1 |     2 |     2 ||     5
  Eat: Chunk             |     1 |     8 |    14 |     5 ||    28
       Fruit             |       |       |     2 |       ||     2
       Bread ration      |       |       |     2 |       ||     2
Armor: Leather armour    |    26 |       |       |       ||    26
       Ring mail         |     4 |    11 |       |       ||    15
       Scale mail        |       |   105 |   108 |       ||   213
       Skin              |       |       |    61 |       ||    61
       Plate armour      |       |       |   135 |    75 ||   210
       Chain mail        |       |       |       |     6 ||     6
Dodge: Dodged            |    73 |   104 |   166 |    66 ||   409
